AoeStats
← 1109919864

Arena

510317594Analyzed
2v2 RM · 2d ago on Sep 30, 2026· 35m 20s· 4 players
Game mode
Random Map
Map size
Medium (4 player)
Population
200
Speed
Normal
Resources
Standard
Victory
Conquest
Starting age
Dark Age
Ending age
Imperial Age
RankedLock teamsTeams togetherTeam positionsShared explorationLock speedFull tech treeHidden civsTurbo modeCheats
Victory
Defeat
🇪🇸 Romans · Spain
1038
+16
🇪🇸 Romans · Spain
1009
+18
🇨🇳 Franks · China
1062
-18
1028
-16
TheDafey
11:02 Feudal Age
16:33 Castle Age
15:41 Scale Mail Armor
15:50 Man-at-Arms
19:09 Pikeman
19:13 Long Swordsman
19:54 Squires
20:14 Forging
23:21 Pikeman
24:23 Chain Mail Armor
24:43 Iron Casting
24:45 Squires
30:33 Double-Bit Axe
31:25 Wheelbarrow
31:50 Horse Collar
32:27 Hand Cart
32:09 Gold Mining
32:30 Bow Saw
32:37 Bow Saw
34:44 Heavy Plow
Barcelona007
11:27 Feudal Age
12:08 Horse Collar
15:22 Castle Age
14:35 Double-Bit Axe
15:24 Scale Mail Armor
14:58 Man-at-Arms
16:45 Long Swordsman
18:46 Gold Mining
21:35 Chain Mail Armor
21:31 Forging
23:36 Squires
26:30 Iron Casting
30:57 Loom
31:59 Wheelbarrow
1109919864
10:20 Feudal Age
11:58 Loom
16:32 Castle Age
15:29 Double-Bit Axe
19:34 Gold Mining
21:09 Husbandry
21:19 Scale Barding Armor
23:57 Chain Barding Armor
26:22 Forging
26:56 Bow Saw
31:00 Wheelbarrow
32:43 Gold Shaft Mining
31:59 Stone Mining
32:40 Hand Cart
33:26 Town Watch
37:41 Imperial Age
饱受摧残的萌新
8:59 Feudal Age
14:11 Castle Age
12:48 Double-Bit Axe
17:59 Pikeman
19:49 Squires
21:20 Gold Mining
24:51 Bow Saw
25:33 Wheelbarrow
25:01 Horse Collar
26:43 Loom
27:00 Fletching
28:49 Padded Archer Armor
34:55 Town Watch
Connection lost

Rejoining the realm…

Still unreachable

The connection could not be restored.

Session expired

The server has moved on; the page needs a fresh start.